 Dungeon Sprint DCSS version 0.16-a0-3761-g2321f2b (console) character file.

5161 Monkaria the Brawler (level 10, -2/95 (102) HPs)
             Began as a Troll Fighter on Jan 24, 2015.
             Was an Initiate of Cheibriados.
             Slain by Sonja
             ... wielding a +0 dagger of distortion
              (6 damage)
             ... in the Dungeon (Sprint I: "Red Sonja").
             The game lasted 00:09:00 (1320 turns).

Monkaria the Brawler (Troll Fighter)                Turns: 1320, Time: 00:09:00

HP:   -2/95 (102)   AC:  7    Str: 30    XL:     10   Next: 33%
MP:   2/4           EV:  9    Int:  5    God:    Cheibriados [......]
Gold: 466           SH: 13    Dex: 10    Spells: 0 memorised, 9 levels left

rFire  + . .     SeeInvis .       - Unarmed
rCold  + . .     Clarity  .     k - +2 robe {rF+}
rNeg   . . .     SustAb   .     c - +0 shield
rPois  .         Gourm    +     (helmet restricted)
rElec  .         Spirit   .     (no cloak)
rCorr  .         Warding  .     (gloves unavailable)
rMut   .         NoTele   +     (boots unavailable)
MR     .....                    (no amulet)
Stlth  +.........               (no ring)
                                b - ring of protection from cold

@: slowed, very slow, not resistant to hostile enchantments, very unstealthy
A: unfitting armour, claws 3, fast metabolism 3, gourmand, regeneration 2,
shaggy fur 1, tough skin 2
a: Bend Time, Renounce Religion


You were in the Dungeon.
You worshipped Cheibriados.
Cheibriados was noncommittal.
You were not hungry.

You visited 1 branch You collected 1923 gold pieces.
You spent 1457 gold pieces at shops.

Inventory:

Hand weapons
 p - a cursed +0 longbow
Missiles
 o - 22 arrows of frost
Armour
 c - a +0 shield (worn)
 k - a +2 robe of fire resistance (worn)
Jewellery
 b - a ring of protection from cold (left claw)
Magical devices
 w - a wand of draining (5)
Scrolls
 d - 5 scrolls of remove curse
 i - a scroll of immolation
 j - 3 scrolls of blinking
 m - a scroll of fear
 n - 6 scrolls of enchant armour
 r - 2 scrolls of magic mapping
 t - 3 scrolls of amnesia
 v - a scroll of recharging
 x - a scroll of enchant weapon
Potions
 f - a potion of ambrosia
 g - a potion of restore abilities {unknown}
 h - 2 potions of magic
 l - a potion of agility
 q - 2 potions of brilliance
 u - 2 potions of curing
Miscellaneous
 e - a box of beasts
Comestibles
 a - a meat ration


   Skills:
 + Level 7.3 Fighting
 - Level 2.4 Armour
 - Level 12.3 Shields
 - Level 17.3 Unarmed Combat


You had 9 spell levels left.
You didn't know any spells.

Dungeon Overview and Level Annotations

Branches:
Dungeon (1/1)

Altars:
Cheibriados
Dithmenos
Elyvilon
Fedhas
Gozag
Kikubaaqudgha
Makhleb
Nemelex Xobeh
Okawaru
Qazlal
Ru
Sif Muna
Trog
Vehumet
Xom
Yredelemnul
Zin
The Shining One
Jiyva

Shops:
D !*[***([(*(([?[!

Annotations:
D Sonja


Innate Abilities, Weirdness & Mutations

You are too large for most types of armour.
You have claws for hands.
Your metabolism is lightning-fast.
You like to eat raw meat.
You heal very quickly.
You are covered in fur (AC +1).
You have very tough skin (AC +2).


Message History

You block Sonja's attack. Sonja closely misses you.
You barely miss Sonja.
You have got your breath back.
You feel sick.
Sonja hits you with an uncursed dagger of distortion.
* * * LOW HITPOINT WARNING * * *
Space bends around you.
* * * LOW HITPOINT WARNING * * *
You block Sonja's attack. Sonja hits you but does no damage.
Space bends around you.
* * * LOW HITPOINT WARNING * * *
You block Sonja's attack. Sonja closely misses you.
Sonja hits you but does no damage.
Drink which item? (? for menu, Esc to quit)
You feel better. Sonja hits you but does no damage.
Space warps horribly around you!
* * * LOW HITPOINT WARNING * * *
You block Sonja's attack. x2
Sonja hits you with an uncursed dagger of distortion.
You die...

#..#####'#####'#__####,,,+,,*,*,*
#..####..#...#.####§.####*,,+,*+*
#..#__####..##§#≈§≈§.#..#*+****,,
#..#_..__##'#..'≈§§§.'..#,,,,,*,,
#⌠⌠#_.∩...'..._#(§§..#..#,,,,,+,,
####_..._##_.#'##'#####'###,,,*,,
*,,#_____###+#.#....###.'.#,,,***
***#########.####'###.###.#,,***,
*∩,,,,,,,,+$.$'K@..('.∩##.#,,****
***++++***#$.$###########.#*+*,,*
*,,,,,,,**##.#*#.......##.#*,*,,,
*,,,,,,,,*,#+*,#........§.#***,,,
*,,*,,,,,*,,,,,#''.######§#,,+,,,
*,,,,,,,,*,,,,,#....§...#§#****,,
*,,,,,*,,*######...§.§§#§§#,,,***
*,,,,,,,,*#........§§.≈####,,,,,,
*,,*,,,,,*#.[........≈§#*,,,,,,,*


You could see Sonja.

Vanquished Creatures
  2 centaur warriors (D)
  2 unseen horrors (D)
  A deep troll (D)
  An oklob plant (D)
  A slime creature (D)
  4 trapdoor spiders (D)
  A yak (D)
  An ogre (D)
  7 necrophages (D)
  A wasp (D)
  Sigmund (D)
  8 jellies (D)
  Ijyb (D)
  A giant eyeball (D)
32 creatures vanquished.

Vanquished Creatures (others)
  A gargoyle (D)
1 creature vanquished.

Grand Total: 33 creatures vanquished

Notes
Turn   | Place    | Note
--------------------------------------------------------------
     0 | D        | Monkaria, the Troll Fighter, began the quest for the Orb.
     0 | D        | Reached XP level 1. HP: 22/22 MP: 1/1
     1 | D        | Noticed Ijyb
     9 | D        | Killed Ijyb
     9 | D        | Reached skill level 5 in Unarmed Combat
     9 | D        | Reached XP level 2. HP: 22/29 MP: 1/1
    23 | D        | Noticed an ogre
    31 | D        | Killed an ogre
    31 | D        | Reached skill level 9 in Unarmed Combat
    31 | D        | Reached XP level 3. HP: 4/36 MP: 2/2
    31 | D        | Reached XP level 4. HP: 4/44 MP: 2/2
   105 | D        | Noticed Sigmund
   124 | D        | Killed Sigmund
   124 | D        | Reached skill level 11 in Unarmed Combat
   124 | D        | Reached XP level 5. HP: 36/50 MP: 2/2
   172 | D        | Found a deep blue altar of Sif Muna.
   173 | D        | Noticed a jelly
   174 | D        | Found a radiant altar of Vehumet.
   176 | D        | Killed a jelly
   180 | D        | Killed a gargoyle
   202 | D        | Found Egu Stra's Distillery.
   202 | D        | Found a white marble altar of Elyvilon.
   202 | D        | Found a stormy altar of Qazlal.
   202 | D        | Found a basalt altar of Yredelemnul.
   202 | D        | Found an iron altar of Okawaru.
   202 | D        | Found a sparkling altar of Nemelex Xobeh.
   202 | D        | Found a shimmering altar of Xom.
   202 | D        | Found an ancient bone altar of Kikubaaqudgha.
   202 | D        | Noticed a yak
   208 | D        | Killed a yak
   208 | D        | Reached XP level 6. HP: 58/71 MP: 3/3
   209 | D        | Found a burning altar of Makhleb.
   209 | D        | Found a sacrificial altar of Ru.
   209 | D        | Found a glowing golden altar of the Shining One.
   209 | D        | Found an opulent altar of Gozag.
   209 | D        | Found a glowing silver altar of Zin.
   226 | D        | Found a bloodstained altar of Trog.
   252 | D        | Found a snail-covered altar of Cheibriados.
   252 | D        | Found a viscous altar of Jiyva.
   252 | D        | Found a shadowy altar of Dithmenos.
   252 | D        | Found a blossoming altar of Fedhas.
   252 | D        | Noticed a slime creature
   259 | D        | Killed a slime creature
   259 | D        | Reached skill level 5 in Shields
   259 | D        | Reached XP level 7. HP: 28/78 MP: 3/3
   345 | D        | Noticed a centaur warrior
   345 | D        | Noticed a centaur warrior
   359 | D        | Killed a centaur warrior
   359 | D        | Reached skill level 10 in Shields
   359 | D        | Reached XP level 8. HP: 26/87 MP: 3/3
   363 | D        | HP: 3/130 [centaur warrior (8)]
   365 | D        | Killed a centaur warrior
   365 | D        | Reached skill level 12 in Shields
   482 | D        | Noticed a wasp
   483 | D        | Paralysed by a wasp for 2 turns
   487 | D        | Killed a wasp
   568 | D        | Noticed an oklob plant
   609 | D        | Killed an oklob plant
   609 | D        | Reached XP level 9. HP: 49/93 MP: 4/4
   684 | D        | Noticed a trapdoor spider
   695 | D        | Killed a trapdoor spider
   776 | D        | Noticed a trapdoor spider
   778 | D        | Noticed a trapdoor spider
   780 | D        | Killed a trapdoor spider
   780 | D        | Reached skill level 13 in Unarmed Combat
   783 | D        | Killed a trapdoor spider
   875 | D        | Noticed a trapdoor spider
   880 | D        | Killed a trapdoor spider
   880 | D        | Reached skill level 14 in Unarmed Combat
   894 | D        | Noticed a jelly
   894 | D        | Noticed a jelly
   894 | D        | Noticed a jelly
   894 | D        | Noticed a jelly
   895 | D        | Noticed a jelly
   895 | D        | Noticed a jelly
   895 | D        | Noticed a jelly
   901 | D        | Killed a jelly
   904 | D        | Killed a jelly
   907 | D        | Killed a jelly
   908 | D        | Killed a jelly
   910 | D        | Killed a jelly
   911 | D        | Noticed a necrophage
   914 | D        | Killed a jelly
   921 | D        | Killed a necrophage
   927 | D        | Noticed a necrophage
   927 | D        | Noticed a necrophage
   927 | D        | Noticed a necrophage
   928 | D        | Noticed a necrophage
   928 | D        | Noticed a necrophage
   929 | D        | Noticed a necrophage
   943 | D        | Killed an unseen horror
   943 | D        | Reached skill level 15 in Unarmed Combat
   955 | D        | Killed an unseen horror
   955 | D        | Reached skill level 16 in Unarmed Combat
   955 | D        | Reached XP level 10. HP: 19/102 MP: 4/4
   957 | D        | Killed a jelly
   966 | D        | Killed a necrophage
   971 | D        | Killed a necrophage
   975 | D        | Killed a necrophage
   981 | D        | Killed a necrophage
   986 | D        | Killed a necrophage
   989 | D        | Killed a necrophage
  1141 | D        | Found Ijoihos' Armour Shoppe.
  1141 | D        | Found Bojezum's General Store.
  1141 | D        | Found Skauc's Assorted Antiques.
  1143 | D        | Found Arpheeme's General Store.
  1143 | D        | Found Ikas Aji's Assorted Antiques.
  1143 | D        | Found Preq's Weapon Shoppe.
  1143 | D        | Found Bikhupoh's Antique Armour Boutique.
  1143 | D        | Found Clexaofo's Weapon Emporium.
  1143 | D        | Found Khuy's Assorted Antiques.
  1143 | D        | Found Enguid's Antique Weapon Shoppe.
  1143 | D        | Found Shaesh's Antique Weapon Boutique.
  1145 | D        | Found Shradosa's Magic Scroll Emporium.
  1145 | D        | Found Wautunia's Armour Boutique.
  1146 | D        | Bought a scroll of identify for 28 gold pieces
  1148 | D        | Found Blores' Distillery.
  1149 | D        | Bought a scroll labeled PSALUP USUI for 26 gold pieces
  1149 | D        | Bought a fizzy blue potion for 23 gold pieces
  1149 | D        | Bought a scroll labeled FEDWIN BEOTE for 26 gold pieces
  1149 | D        | Bought a scroll labeled SMI RAVUSAN for 26 gold pieces
  1149 | D        | Bought a fuming black potion for 23 gold pieces
  1149 | D        | Bought a fuming black potion for 23 gold pieces
  1151 | D        | Bought a scroll labeled VYT ELONUNNECO for 24 gold pieces
  1151 | D        | Bought a scroll labeled SMI RAVUSAN for 24 gold pieces
  1151 | D        | Bought a scroll labeled FEDWIN BEOTE for 24 gold pieces
  1152 | D        | Bought a potion of heal wounds for 60 gold pieces
  1160 | D        | Bought 3 scrolls labeled FEDWIN BEOTE for 78 gold pieces
  1160 | D        | Bought a scroll of blinking for 195 gold pieces
  1160 | D        | Bought a scroll labeled VYT ELONUNNECO for 26 gold pieces
  1160 | D        | Bought 3 scrolls labeled OZAITWUMUU for 78 gold pieces
  1160 | D        | Bought a scroll labeled VYT ELONUNNECO for 26 gold pieces
  1165 | D        | Bought a potion of curing for 42 gold pieces
  1165 | D        | Bought a potion of curing for 42 gold pieces
  1165 | D        | Bought a potion of curing for 42 gold pieces
  1166 | D        | Bought a scroll of identify for 24 gold pieces
  1166 | D        | Bought a scroll of identify for 24 gold pieces
  1166 | D        | Bought a scroll of identify for 24 gold pieces
  1166 | D        | Bought a scroll of enchant armour for 90 gold pieces
  1166 | D        | Bought a scroll of identify for 24 gold pieces
  1166 | D        | Bought a scroll of remove curse for 36 gold pieces
  1166 | D        | Bought a scroll of recharging for 114 gold pieces
  1167 | D        | Bought a scroll of identify for 24 gold pieces
  1170 | D        | Bought a scroll of identify for 52 gold pieces
  1174 | D        | Bought a twisted silver wand for 104 gold pieces
  1175 | D        | Bought a scroll of enchant weapon for 105 gold pieces
  1245 | D        | Became a worshipper of Cheibriados the Contemplative
  1255 | D        | Noticed a deep troll
  1263 | D        | Killed a deep troll
  1263 | D        | Reached skill level 17 in Unarmed Combat
  1291 | D        | Found Epsog's Armour Emporium.
  1309 | D        | Noticed Sonja
  1316 | D        | HP: 3/95 [Sonja/uncursed dagger of distortion (20)]
  1320 | D        | Slain by Sonja

Action                   |  1- 3 |  4- 6 |  7- 9 | 10-12 || total
-------------------------+-------+-------+-------+-------++-------
Melee: Unarmed           |    13 |    26 |    78 |    32 ||   149
Invok: Bend Time         |       |       |       |     1 ||     1
  Use: Potion            |       |       |     5 |     4 ||     9
       Scroll            |       |       |       |     8 ||     8
  Eat: Chunk             |       |     5 |       |     3 ||     8
       Meat ration       |       |       |       |     1 ||     1
